AoeStats
← kob61

Black Forest

510357706Analyzed
3v3 RM · 16h ago on Sep 30, 2026· 46m 44s· 6 players
Game mode
Random Map
Map size
Normal (6 player)
Population
200
Speed
Normal
Resources
Standard
Victory
Conquest
Starting age
Dark Age
Ending age
Imperial Age
RankedLock teamsTeams togetherTeam positionsShared explorationLock speedFull tech treeHidden civsTurbo modeCheats
Victory
Defeat
🇹🇷 Magyars · Türkiye
984
+14
🇹🇷 Teutons · Türkiye
825
+20
🇹🇷 Franks · Türkiye
799
+21
🇦🇷 Cumans · Argentina
932
-19
🇧🇪 Teutons · Belgium
932
-19
🇩🇪 Danes · Germany
897
-17
Mepheisto
11:57 Feudal Age
15:02 Horse Collar
17:43 Castle Age
15:35 Double-Bit Axe
17:15 Gold Mining
22:46 Imperial Age
21:51 Loom
22:49 Stone Mining
24:15 Stone Shaft Mining
24:32 Bow Saw
25:50 Heavy Plow
28:09 Conscription
28:02 Town Watch
31:17 Wheelbarrow
30:49 Hamask
31:33 Scale Mail Armor
33:55 Chain Mail Armor
35:02 Siege Engineers
35:19 Squires
35:07 Gambesons
34:46 Elite Varangian Guard
35:53 Elite Jomsviking
38:33 Hand Cart
39:22 Plate Mail Armor
39:02 Forging
39:57 Chemistry
39:46 Arson
41:36 Caravan
41:08 Onager
43:01 Iron Casting
42:04 Northmen's Fury
43:07 Siege Onager
46:00 Blast Furnace
44:52 Fletching
45:28 Ballistics
45:20 Masonry
crepysa
0:49 Loom
11:43 Feudal Age
12:13 Double-Bit Axe
16:06 Horse Collar
16:18 Town Watch
20:55 Castle Age
25:07 Capped Ram
29:55 Wheelbarrow
32:37 Bow Saw
32:31 Heavy Plow
33:52 Hand Cart
35:14 Fletching
36:05 Bodkin Arrow
36:36 Ballistics
40:19 Imperial Age
38:12 Bloodlines
38:16 Light Cavalry
39:08 Forging
39:04 Scale Barding Armor
38:58 Murder Holes
39:13 Masonry
39:03 Stone Mining
39:06 Gold Mining
40:19 Chain Barding Armor
40:04 Padded Archer Armor
40:24 Masonry
40:19 Cavalier
41:22 Conscription
41:40 Iron Casting
42:21 Plate Barding Armor
42:05 Paladin
lodecesky
0:45 Loom
13:45 Feudal Age
14:13 Double-Bit Axe
14:55 Man-at-Arms
19:17 Horse Collar
23:49 Castle Age
22:26 Gold Mining
22:30 Stone Mining
27:34 Wheelbarrow
33:32 Heavy Plow
35:30 Fletching
35:46 Scale Barding Armor
35:52 Forging
36:34 Bow Saw
36:29 Caravan
38:11 Stone Shaft Mining
40:46 Imperial Age
40:55 Imperial Age
38:43 Hand Cart
38:14 Town Watch
39:04 Bloodlines
41:16 Chain Barding Armor
41:32 Iron Casting
42:16 Squires
41:36 Pikeman
42:27 Scale Mail Armor
43:04 Plate Barding Armor
41:54 Cavalier
43:38 Fortified Wall
44:29 Chemistry
43:58 Town Patrol
44:18 Guilds
45:14 Crop Rotation
44:42 Halberdier
46:31 Blast Furnace
Anafartalar Komutanı
16:02 Feudal Age
17:32 Horse Collar
23:33 Castle Age
31:41 Double-Bit Axe
32:00 Heavy Plow
32:05 Stone Mining
32:08 Gold Mining
33:24 Pikeman
34:53 Wheelbarrow
34:50 Squires
35:16 Scale Mail Armor
35:27 Forging
39:38 Stone Shaft Mining
39:40 Iron Casting
39:20 Chain Mail Armor
41:57 Bow Saw
44:24 Imperial Age
42:20 Hand Cart
42:22 Caravan
42:32 Scale Barding Armor
43:40 Bloodlines
46:29 Halberdier
kob61
0:30 Loom
12:43 Feudal Age
13:15 Double-Bit Axe
19:39 Town Watch
25:08 Castle Age
25:47 Scale Barding Armor
25:21 Light Cavalry
26:50 Town Patrol
27:57 Gold Mining
28:21 Bow Saw
34:45 Imperial Age
33:50 Wheelbarrow
35:17 Fortified Wall
35:28 Ballistics
35:04 Guard Tower
37:03 Hand Cart
38:27 Husbandry
40:29 Chemistry
41:17 Conscription
41:09 Stone Mining
41:07 Treadmill Crane
42:27 Chain Barding Armor
42:21 Forging
43:22 Pikeman
44:03 Squires
44:53 Halberdier
Badlies
0:33 Loom
10:41 Feudal Age
11:07 Double-Bit Axe
11:04 Horse Collar
13:47 Stone Mining
19:53 Castle Age
18:39 Scale Barding Armor
20:02 Gold Mining
20:47 Bow Saw
23:07 Chain Barding Armor
26:23 Husbandry
27:53 Bloodlines
29:37 Heavy Plow
30:55 Wheelbarrow
33:17 Hand Cart
35:12 Gold Shaft Mining
38:14 Imperial Age
36:10 Corvinian Army
37:21 Light Cavalry
38:28 Cavalier
39:57 Plate Barding Armor
40:44 Crop Rotation
41:36 Two-Man Saw
41:10 Elite Magyar Huszar
42:43 Paladin
Connection lost

Rejoining the realm…

Still unreachable

The connection could not be restored.

Session expired

The server has moved on; the page needs a fresh start.